 Dungeon Crawl Stone Soup version 0.22.1-2-g9c5b331 (webtiles) character file.

219 HerrDoktor the Grave Robber (level 5, -4/35 HPs)
             Began as a Demonspawn Necromancer on Nov 11, 2018.
             Was an Initiate of Makhleb.
             Slain by an ogre
             ... wielding a +0 giant spiked club
              (19 damage)
             ... on level 5 of the Dungeon on Dec 23, 2018.
             The game lasted 00:24:17 (4816 turns).

HerrDoktor the Grave Robber (DsNe)                  Turns: 4816, Time: 00:24:18

Health: -4/35      AC:  4    Str:  9    XL:     5   Next: 64%
Magic:  9/9        EV: 12    Int: 17    God:    Makhleb [......]
Gold:   269        SH:  0    Dex: 13    Spells: 5/10 levels left

rFire    . . .     SeeInvis .   g - +0 club
rCold    . . .     Gourm    .   (no shield)
rNeg     . . .     Faith    .   a - +0 robe
rPois    .         Spirit   .   (no helmet)
rElec    .         Reflect  .   i - +1 cloak
rCorr    .         Harm     .   (no gloves)
MR       +....                  (no boots)
Stlth    ++........             (no amulet)
HPRegen  0.11/turn              o - ring of protection from magic
MPRegen  0.11/turn              (no ring)

@: no status effects
A: claws 1, talons 1, powered by death 1
a: Renounce Religion


You were on level 5 of the Dungeon.
You worshipped Makhleb.
Makhleb was noncommittal.
You were not hungry.

You visited 2 branches of the dungeon, and saw 6 of its levels.

You collected 269 gold pieces.

Inventory:

Hand Weapons
 g - a +0 club (weapon)
 j - a cursed -3 dagger
Missiles
 b - 178 stones (quivered)
 d - 2 throwing nets
 k - 11 poisoned needles
Armour
 a - a +0 robe (worn)
 i - a +1 cloak (worn)
Jewellery
 o - a ring of protection from magic (left claw)
Scrolls
 m - a scroll of magic mapping {unknown}
 n - 2 scrolls of identify
 p - a scroll of noise
 r - a scroll of fog {unknown}
 s - 4 scrolls of remove curse
 t - a scroll of fear {unknown}
 v - 2 scrolls of enchant weapon {unknown}
Potions
 e - 2 potions of brilliance {unknown}
 l - 3 potions of curing {unknown}
 q - a potion of might {unknown}
 u - a potion of lignification {unknown}
Comestibles
 c - 5 rations
 f - a chunk of flesh


   Skills:
 - Level 0.2 Fighting
 - Level 0.1 Maces & Flails
 + Level 1.8 Dodging
 + Level 2.2 Stealth
 + Level 3.2 Spellcasting
 * Level 6.7 Necromancy


You had 5 spell levels left.
You knew the following spells:

 Your Spells              Type           Power        Failure   Level  Hunger
a - Pain                  Necr           ####         1%          1    None
b - Animate Skeleton      Necr           N/A          1%          1    None
c - Vampiric Draining     Necr           ####......   3%          3    ###....

Your spell library contained the following spells:

 Spells                   Type           Power        Failure   Level  Hunger
 Animate Dead             Necr           N/A          11%         4    ####...
 Regeneration             Chrm/Necr      ##........   13%         3    ###....


Dungeon Overview and Level Annotations

Branches:
Dungeon (5/15)             Temple (1/1) D:4

Altars:
Ashenzari
Dithmenos
Elyvilon
Fedhas
Gozag
Hepliaklqana
Makhleb
Nemelex Xobeh
Ru
Sif Muna
Uskayaw
Vehumet
Xom
Yredelemnul
The Shining One


Innate Abilities, Weirdness & Mutations

You have sharp fingernails.
You have sharp toenails.
You regenerate a little health from kills.


Message History

Welcome back, HerrDoktor the Demonspawn Necromancer.
Blood and souls for Makhleb!
Press ? for a list of commands and other information.
Quiver which item? (- for none, * to show all) (? for menu, Esc to quit)
Okay, then.
Okay, then.
Okay, then.
Enter note: q Unknown command.
Enter note: dans ton cul Unknown command.
An ogre comes into view. It is wielding a giant spiked club.
The ogre hits you with a giant spiked club!!
Ouch! That really hurt!
The ogre closely misses you.
You hit the ogre. Your kick misses the ogre.
The ogre is lightly wounded.
The ogre hits you with a giant spiked club!!
Ouch! That really hurt!
You die...

. ...
#######+#...#
#...........#
#<...@......#
#....O.....##
####.........
#.##.#####
#.# ... #.#
#### #.# #.#


You could see an ogre.

Vanquished Creatures
  A hound (D:4)
  2 orc wizards (D:4)
  An iguana (D:4)
  4 adders
  An ooze (D:4)
  2 adder skeletons (D:4)
  A worm (D:2)
  2 leopard geckos
  5 orcs (D:4)
  2 giant cockroaches
  5 goblins
  5 hobgoblins
  6 jackals
  2 quokkas (D:2)
  A ball python (D:2)
  6 bats
  3 frilled lizards
  6 kobolds
  4 rats
59 creatures vanquished.

Vanquished Creatures (collateral kills)
  A hobgoblin (D:1)
1 creature vanquished.

Grand Total: 60 creatures vanquished

Notes
Turn   | Place    | Note
-------+----------+-------------------------------------------
     0 | D:1      | HerrDoktor the Demonspawn Necromancer began the quest for
                  | the Orb.
     0 | D:1      | Reached XP level 1. HP: 13/13 MP: 3/3
     8 | D:1      | Learned a level 1 spell: Animate Skeleton
   500 | D:1      | Gained mutation: You have sharp fingernails. [demonic
                  | ancestry]
   500 | D:1      | Reached XP level 2. HP: 19/19 MP: 1/5
  1287 | D:2      | Reached skill level 5 in Necromancy
  1644 | D:2      | Gained mutation: You regenerate a little health from kills.
                  | [demonic ancestry]
  1644 | D:2      | Reached XP level 3. HP: 23/24 MP: 3/6
  1687 | D:2      | Learned a level 3 spell: Vampiric Draining
  2838 | D:3      | Found a glowing golden altar of the Shining One.
  2840 | D:3      | Reached XP level 4. HP: 29/30 MP: 4/7
  3680 | D:4      | Reached skill level 6 in Necromancy
  3680 | D:4      | Gained mutation: You have sharp toenails. [demonic
                  | ancestry]
  3680 | D:4      | Reached XP level 5. HP: 30/35 MP: 5/9
  3834 | D:4      | Found a staircase to the Ecumenical Temple.
  3840 | Temple   | Entered the Ecumenical Temple
  3941 | Temple   | Became a worshipper of Makhleb the Destroyer
  4795 | D:5      | Entered Level 5 of the Dungeon
  4798 | D:5      | Upgraded the game from 0.22.1-1-ga44c0e5 to
                  | 0.22.1-2-g9c5b331
  4801 | D:5      | q
  4801 | D:5      | dans ton cul
  4810 | D:5      | Noticed an ogre
  4816 | D:5      | Slain by an ogre

Skill      XL: |  1  2  3  4  5 |
---------------+----------------+-----
Necromancy     | 5 6 |  6.7
Stealth        | 2 |  2.2
Spellcasting   | 3 |  3.2
Fighting       | |  0.2
Maces & Flails | |  0.1
Dodging        | |  1.8

Action                   |  1- 3 |  4- 6 || total
-------------------------+-------+-------++-------
Melee: Club              |    69 |    11 ||    80
       Kick              |       |     2 ||     2
Throw: Stone             |       |     1 ||     1
 Cast: Pain              |    69 |    43 ||   112
       Animate Skeleton  |    17 |     4 ||    21
       Vampiric Draining |     1 |       ||     1
  Use: Scroll            |       |     4 ||     4
 Stab: Sleeping          |       |     1 ||     1
  Eat: Chunk             |     7 |       ||     7
       Ration            |       |     2 ||     2
Armor: Robe              |    11 |     1 ||    12
Dodge: Dodged            |    23 |    17 ||    40
